 Seeded DCSS version 0.28-a0-1206-g193881aaa2 (webtiles) character file.

Game seed: 20211221 (custom seed)

134 a11behringer the Slasher (level 4, 0/40 HPs)
             Began as a Minotaur Berserker on Dec 21, 2021.
             Was a Believer of Trog.
             Succumbed to an adder's poison
             ... on level 3 of the Dungeon.
             The game lasted 00:05:42 (2263 turns).

a11behringer the Slasher (Minotaur Berserker)       Turns: 2263, Time: 00:05:42

Health: 0/40       AC:  6    Str: 24    XL:     4   Next: 95%
Magic:  3/3        EV: 10    Int:  4    God:    Trog [**....]
Gold:   116        SH:  0    Dex:  9    Spells: 3/3 levels left

rFire   . . .      SeeInvis .   a - +0 falchion
rCold   . . .      Faith    .   (no shield)
rNeg    . . .      Spirit   .   m - +0 scale mail
rPois   .          Reflect  .   (helmet restricted)
rElec   .          Harm     .   (no cloak)
rCorr   .          Rampage  .   (no gloves)
Will    .....                   (no boots)
Stlth   ..........              (no amulet)
HPRegen 0.13/turn               (no ring)
MPRegen 0.08/turn               (no ring)

@: lethally poisoned (0 -> -3), very slow
A: horns 2, retaliatory headbutt
a: Renounce Religion, Berserk, Trog's Hand


You were on level 3 of the Dungeon.
You worshipped Trog.
Trog was pleased with you.
You visited 1 branch of the dungeon, and saw 3 of its levels.

You collected 116 gold pieces.

Inventory:

Hand Weapons
 a - a +0 falchion (weapon)
 e - a +2 dagger of protection
Missiles
 h - 13 poisoned darts (quivered)
Armour
 b - a +0 animal skin
 m - a +0 scale mail (worn)
Scrolls
 d - 3 scrolls of noise {unknown}
 f - a scroll of vulnerability {unknown}
 k - 3 scrolls of fog {unknown}
 l - a scroll of enchant armour {unknown}
Potions
 c - 2 potions of ambrosia {unknown}
 g - a potion of attraction {unknown}
 i - a potion of cancellation {unknown}
 j - 2 potions of flight {unknown}
 n - a potion of lignification {unknown}
 o - a potion of brilliance {unknown}
 p - a potion of resistance {unknown}


   Skills:
 + Level 4.2 Fighting
 * Level 6.1 Long Blades
 + Level 3.0 Armour
 + Level 2.5 Dodging


You had 3 spell levels left.
You didn't know any spells.
Your spell library was empty.

Dungeon Overview and Level Annotations

Branches:
Dungeon (3/15)

Altars:
Zin


Innate Abilities, Weirdness & Mutations

You have a pair of horns on your head.
You reflexively headbutt those who attack you in melee.


Message History

You feel sick. The adder barely misses you. You furiously retaliate!
You headbutt the adder. The adder barely misses you.
The orc hits you but does no damage. The adder bites you but does no damage.
Your unstable footing causes you to fumble your attack.
You feel sick. The adder bites you.
You are more poisoned.
The adder poisons you! The adder barely misses you. You furiously retaliate!
You headbutt the adder!
You kill the adder!
Trog accepts your kill. The orc barely misses you. You furiously retaliate!
You headbutt the orc, but do no damage. The adder bites you.
Your Armour skill increases to level 3!
You barely miss the adder. You headbutt the adder.
The adder is heavily wounded.
You feel sick. The adder closely misses you.
You hit the adder.
The adder is almost dead.
You feel sick. The adder bites you but does no damage.
The kobold throws a stone.
The stone hits you.
An orc comes into view. It is wielding a +0 dagger.
You closely miss the adder.
The adder is almost dead.
You feel sick.
The orc shouts!
The adder bites you.
You are more poisoned.
The adder poisons you!
You feel very sick. The adder bites you.
* * * LOW HITPOINT WARNING * * *
The adder closely misses you.
You feel sick. The adder bites you.
* * * LOW HITPOINT WARNING * * *
The kobold barely misses you. The adder bites you but does no damage.
* * * LOW HITPOINT WARNING * * *
You feel sick.
The kobold throws a stone.
The stone hits you but does no damage. The adder bites you.
* * * LOW HITPOINT WARNING * * *
You die...

. .##≈≈w#≈## #:
##.≈≈#≈≈≈≈.#.
#.###≈≈≈≈≈≈≈≈#≈≈#.
..#≈#≈≈≈...≈≈≈≈≈. #
#.≈≈≈≈≈.?≈.≈≈≈ . #
##≈≈≈≈#≈≈.≈≈≈≈≈≈≈ #
#≈≈≈≈≈≈≈≈(≈≈##≈≈≈ #
##≈≈≈oS≈@.$.≈≈≈≈≈≈≈## #
#..ooK≈≈≈.<.≈≈≈≈##..# #
.....≈≈B≈≈≈≈..8≈≈≈≈≈≈l.# #
.....≈≈≈≈≈≈#†.≈≈≈≈≈#≈≈.#
....##≈≈≈≈≈#≈8.≈≈≈≈≈≈#.#####
... ...≈#≈≈≈.[.≈≈≈≈≈........
.. .#.#≈≈≈≈≈≈.8≈≈≈≈≈#.####.#
. ####≈≈≈≈≈≈≈≈≈≈≈#######..
###.#≈≈≈≈#≈.##...†..##


You could see an adder, a dart slug, 3 orcs, a giant cockroach and a kobold.

Vanquished Creatures
  Terence (D:2)
  3 adders
  A worm (D:2)
  7 dart slugs
  5 endoplasms
  4 giant cockroaches
  6 goblins
  6 hobgoblins
  8 jackals
  2 quokkas
  3 ball pythons
  3 bats
  A frilled lizard (D:3)
  5 kobolds
  6 rats
61 creatures vanquished.

Vanquished Creatures (others)
  A plant (D:3)
1 creature vanquished.

Grand Total: 62 creatures vanquished

Notes
Turn   | Place    | Note
-------+----------+-------------------------------------------
     0 | D:1      | a11behringer the Minotaur Berserker began the quest for the
                  | Orb.
     0 | D:1      | Reached XP level 1. HP: 19/19 MP: 0/0
   343 | D:1      | Reached skill level 4 in Long Blades
   362 | D:1      | Reached XP level 2. HP: 26/27 MP: 1/1
   470 | D:1      | Found a faded altar of an unknown god.
   560 | D:1      | Reached ** piety under Trog
   566 | D:1      | Reached XP level 3. HP: 29/33 MP: 2/2
  1186 | D:2      | Noticed Terence
  1195 | D:2      | Killed Terence
  1196 | D:2      | Reached skill level 5 in Long Blades
  1196 | D:2      | Reached XP level 4. HP: 14/40 MP: 3/3
  1918 | D:2      | Found a glowing silver altar of Zin.
  2207 | D:3      | Reached skill level 6 in Long Blades
  2262 | D:3      | HP: 2/40 [adder (1)]
  2263 | D:3      | Succumbed to an adder's poison

Illustrated notes

Levels and vault maps discovered:
D:1:      eino_arrival_cavern_b, layout_loops_ring, basic_ecumenical_altar,
          kennysheep_minor_cross, minmay_misc_feat_rugged
D:2:      layout_rooms, basic_altar, uniq_terence
D:3:      kennysheep_slugbush, layout_basic, mainiacjoe_overflow_boulevard

Skill      XL: |  1  2  3  4 |
---------------+-------------+-----
Long Blades    | 4 5 6 |  6.1
Fighting       | 4 |  4.2
Armour         | 3 |  3.0
Dodging        | |  2.5

Action                   |  1- 3 |  4- 6 || total
-------------------------+-------+-------++-------
Melee: Falchion          |    71 |    62 ||   133
       Headbutt          |    13 |     9 ||    22
Invok: Berserk           |     1 |       ||     1
 Stab: Sleeping          |     1 |       ||     1
Armor: Animal skin       |    11 |       ||    11
       Scale mail        |       |    38 ||    38
Dodge: Dodged            |    42 |    33 ||    75

Table legend: (Time is in decaauts)
 A = Elapsed time spent in this place.
 B = Non-inter-level travel time spent in this place.
 C = Inter-level travel time spent in this place.
 D = Time resting spent in this place.
 E = Time spent auto-exploring this place.
 F = Levels seen in this place.
 G = Mean time per level.
                   A        B        C        D        E       F      G
               +--------+--------+--------+--------+--------+-----+--------+
         Total |   2292 |   2160 |    132 |      0 |   1802 |   3 |  764.0 |
       Dungeon |   2292 |   2160 |    132 |      0 |   1802 |   3 |  764.0 |
               +--------+--------+--------+--------+--------+-----+--------+

Top non-repeatable levels by time:
     D:1: 1167 daAuts
     D:2: 882 daAuts
     D:3: 242 daAuts
